 Dungeon Crawl Stone Soup version 0.25-a0-528-g6b7c99946c (webtiles) character file.

Game seed: 46223870834137867, levelgen mode: classic

1003 EnegeticOcto the Chopper (level 8, 44/74 HPs)
             Began as a Deep Dwarf Fighter on Feb 19, 2020.
             Quit the game on level 5 of the Dungeon.
             The game lasted 00:01:01 (945 turns).

EnegeticOcto the Chopper (Deep Dwarf Fighter)        Turns: 945, Time: 00:01:02

Health: 44/74      AC:  3    Str: 22    XL:     8   Next: 0%
Magic:  6/6        EV:  8    Int:  9    God:
Gold:   69         SH:  9    Dex: 12    Spells: 7/7 levels left

rFire    . . .     SeeInvis .   a - +0 war axe
rCold    . . .     Gourm    .   c - +0 kite shield
rNeg     . . .     Faith    .   b - +0 scale mail
rPois    .         Spirit   .   (no helmet)
rElec    .         Reflect  .   (no cloak)
rCorr    .         Harm     .   (no gloves)
MR       +....                  (no boots)
Stlth    ..........             (no amulet)
HPRegen  0.00/turn              l - -3 ring of protection (curse)
MPRegen  0.10/turn              (no ring)

@: non-regenerating, heavily drained
A: damage resistance, heal wounds, sense surroundings 1, no regeneration
a: Heal Wounds


You were on level 5 of the Dungeon.
You were not hungry.

You visited 1 branch of the dungeon, and saw 5 of its levels.

You collected 69 gold pieces.

Inventory:

Hand Weapons
 a - a +0 war axe (weapon)
Missiles
 j - a throwing net (quivered)
Armour
 b - a +0 scale mail (worn)
 c - a +0 kite shield (worn)
Jewellery
 l - a cursed -3 ring of protection (left hand)
Scrolls
 d - a scroll of fog {unknown}
 f - a scroll of teleportation {unknown}
 h - 2 scrolls of identify {unknown}
Potions
 g - a potion of lignification {unknown}
 k - a potion of might {@q3}
Comestibles
 e - 6 rations
 i - 8 chunks of flesh


   Skills:
 * Level 5.2(2.9) Fighting
 * Level 5.7(3.4) Axes
 + Level 5.0(2.7) Armour
 + Level 3.6(1.4) Dodging
 + Level 4.9(2.7) Shields


You had 7 spell levels left.
You didn't know any spells.
Your spell library was empty.

Dungeon Overview and Level Annotations

Branches:
Dungeon (6/15)
 Temple: D:4-7

Altars:
Qazlal


Innate Abilities, Weirdness & Mutations

You are resistant to damage.
You can heal yourself by infusing magical energy.
You passively map a small area around you.
You do not regenerate.


Message History

The jackal bites you but does no damage.
The jackal barely misses you. The dart slug bites you.
You block the jackal's attack. The ogre hits you with a +0 giant club.
You block the jackal's attack.
You hit the ogre.
The ogre is heavily wounded.
You hit the dart slug. You barely miss the jackal. You hit the jackal.
The jackal bites you but does no damage. x2
The dart slug completely misses you.
An iguana comes into view.
You block the ogre's attack.
The jackal bites you but does no damage. x2
You completely miss the jackal.
The jackal is almost dead.
The iguana hisses angrily.
You hit the ogre but do no damage. You hit the dart slug. You hit the jackal.
You block the jackal's attack. The jackal bites you.
The dart slug bites you but does no damage.
The ogre closely misses you. You block the jackal's attack.
The jackal closely misses you.
Your shield and scale mail prevent you from hitting the dart slug.
The dart slug is almost dead.
You closely miss the jackal. You miss the jackal. You hit the ogre.
The jackal bites you but does no damage.
The jackal bites you. The ogre barely misses you.
The dart slug launches a dart at you.
The slug dart hits you but does no damage.
You block the jackal's attack. The jackal bites you.
You slash the dart slug!
You kill the dart slug!
You hit the jackal.
You kill the jackal!
You closely miss the jackal. You slash the ogre!
The ogre hits you with a +0 giant club! You block the jackal's attack.
The jackal barely misses you.
You are too injured to fight recklessly!
You are too injured to fight recklessly!
You are too injured to fight recklessly!
You are too injured to fight recklessly!
You are too injured to fight recklessly!
You are too injured to fight recklessly!
You are too injured to fight recklessly!
You are too injured to fight recklessly!
You feel much better. The ogre hits you with a +0 giant club.
The jackal bites you but does no damage.
The dart slug completely misses you.
Your magical essence is drained by the effort!
You feel much better. You block the jackal's attack.
The ogre hits you with a +0 giant club!!
The dart slug splashes around in the water.
You barely miss the ogre.
The ogre is almost dead.
You hit the dart slug. You slash the dart slug! You hit the dart slug.
You closely miss the jackal. The jackal bites you.
You block the dart slug's attack. The jackal closely misses you.
The ogre closely misses you. The dart slug bites you.
You slash the ogre!
You kill the ogre!
You hit the jackal but do no damage. You hit the dart slug.
You slash the dart slug!
You kill the dart slug!
You slash the dart slug!
You kill the dart slug!
The jackal bites you but does no damage.
The jackal bites you. The dart slug launches a dart at you.
The slug dart misses you. The jackal bites you.
You block the dart slug's attack.
You slash the dart slug!
You kill the dart slug!
You closely miss the jackal.
The jackal bites you but does no damage.
The jackal closely misses you.
You slash the jackal!
You kill the jackal!
Your base Armour skill increases to level 5!
The dart slug launches a dart at you.
The slug dart hits you but does no damage.
You block the iguana's attack.
You see here a shiny wooden ring.
You barely miss the iguana. The iguana completely misses you.
Your scale mail prevents you from hitting the iguana.
The iguana bites you but does no damage.
You slash the iguana!
The iguana is almost dead.
The iguana hisses menacingly.
The iguana bites you. You block the iguana's attack.
You barely miss the iguana.
The iguana is almost dead.
The iguana bites you!
You hit the iguana.
You kill the iguana!
You have reached level 8!
You feel clever. The dart slug launches a dart at you.
The slug dart misses you.
l - a shiny wooden ring Oops, that ring feels deathly cold.
l - a cursed -3 ring of protection (left hand) Are you sure you want to abandon this character and quit the game? (Confirm with "yes".)

* ≈≈## #......)....
#.≈≈≈≈≈≈≈.#####.####)..
*
#≈≈≈≈≈≈≈≈≈≈≈####...).#'#
*
≈≈#≈≈≈≈≈≈≈≈≈≈#.#.###.#.#
*,
≈≈≈≈≈≈≈≈≈≈≈≈≈..........#
≈≈≈≈≈≈≈≈≈≈≈≈≈≈##.###.###
≈#$≈≈≈≈≈≈≈≈≈#≈≈#.÷...# #
,
*≈.≈≈≈.)8#†[.≈≈≈#.#####
≈.)..[<@..).≈≈...#
≈..≈≈...)†.≈≈#≈..# ##
≈≈#≈≈≈≈≈≈≈#≈≈#≈.## #.
≈≈≈≈≈≈≈≈#≈≈≈≈##.# #.
≈≈≈#≈≈≈≈#≈≈≈≈.#.# ,
≈#≈≈≈≈≈≈≈≈≈≈≈#..#*
≈≈≈≈≈≈≈≈≈≈≈##..# * ,
#.≈≈≈≈≈≈#w##*..#, * , ,


You could see a dart slug.

Vanquished Creatures
  An orc warrior (D:6)
  A sky beast (D:6)
  3 ogres
  5 wights (D:6)
  2 howler monkeys
  A crimson imp (D:6)
  A bullfrog zombie (D:6)
  A hound (D:6)
  2 orc priests
  An iguana (D:5)
  An orc wizard (D:5)
  2 adders
  7 dart slugs
  8 orcs
  4 giant cockroaches
  2 goblins
  10 jackals
  2 kobolds (D:1)
  3 bats
  A frilled lizard (D:1)
  A giant cockroach zombie (D:5)
  A rat (D:1)
60 creatures vanquished.

Notes
Turn   | Place    | Note
-------+----------+-------------------------------------------
     0 | D:1      | EnegeticOcto the Deep Dwarf Fighter began the quest for the
                  | Orb.
     0 | D:1      | Reached XP level 1. HP: 20/20 MP: 1/1
    60 | D:1      | Reached XP level 2. HP: 27/27 MP: 2/2
   339 | D:2      | Reached XP level 3. HP: 28/34 MP: 3/3
   356 | D:3      | You fall into a shaft and drop 3 floors!
   357 | D:6      | Noticed a sky beast
   359 | D:6      | Reached skill level 1 in Dodging
   389 | D:6      | Killed a sky beast
   389 | D:6      | Reached XP level 4. HP: 37/43 MP: 4/4
   406 | D:6      | Reached XP level 5. HP: 42/49 MP: 5/5
   455 | D:6      | Noticed an orc warrior
   461 | D:6      | Killed an orc warrior
   492 | D:6      | Reached XP level 6. HP: 34/57 MP: 6/6
   520 | D:6      | Reached XP level 7. HP: 52/66 MP: 6/6
   526 | D:6      | Reached skill level 5 in Axes
   566 | D:6      | Found a stormy altar of Qazlal.
   718 | D:5      | Entered Level 5 of the Dungeon
   923 | D:5      | Reached skill level 5 in Fighting
   935 | D:5      | Reached skill level 5 in Armour
   941 | D:5      | Reached XP level 8. HP: 44/74 MP: 6/6
   945 | D:5      | Quit the game

Levels and vault maps discovered:
D:1:      psy_arrival_fountain, layout_basic, cheibriados_altar_1
D:2:      layout_loops_ring, uniq_crazy_yiuf_cottage
D:3:      layout_loops_ring, chequers_ecumenical_altar_simple_redux,
          minmay_misc_feat_five, uniq_sigmund
D:5:      kennysheep_slugbush, layout_basic, zin_scriptorium,
          nicolae_ru_the_path_less_chosen, first_ration
D:6:      layout_layer_cave, kennysheep_mini_moat

Skill      XL: |  1  2  3  4  5  6  7 |
---------------+----------------------+-----
Fighting       | 3 4 5 |  5.2
Dodging        | 1 2 3 |  3.6
Axes           | 3 4 5 |  5.7
Armour         | 4 5 |  5.0
Shields        | 4 |  4.9

Action                   |  1- 3 |  4- 6 |  7- 9 || total
-------------------------+-------+-------+-------++-------
Melee: War axe           |    79 |    36 |   101 ||   216
 Abil: Heal Wounds       |     2 |     6 |    10 ||    18
  Eat: Chunk             |       |       |     1 ||     1
Armor: Scale mail        |    44 |    22 |    67 ||   133
Dodge: Dodged            |    34 |    37 |    39 ||   110
Block: Kite shield       |    46 |    38 |    68 ||   152

Table legend:
 A = Non-vault XP
 B = Vault XP
 C = Vault XP percentage of total XP
 D = Non-vault monster count
 E = Vault monster count
 F = Vault count percentage of total count
                 A         B        C        D         E       F
            +---------+---------+-------+---------+---------+-------
      Total |    1410 |      24 |   1.7 |      54 |       6 |  10.0
            +---------+---------+-------+---------+---------+-------
        D:1 |      34 |       0 |   0.0 |      18 |       0 |   0.0
        D:2 |      19 |       0 |   0.0 |       4 |       0 |   0.0
        D:5 |     422 |      24 |   5.4 |      13 |       6 |  31.6
        D:6 |     935 |       0 |   0.0 |      19 |       0 |   0.0
            +---------+---------+-------+---------+---------+-------
